Map: [ESL] Data-C

Players

DnS - Winner!

  • Race: Protoss Protoss
  • Spawn Location: 3:00

KingCobra

  • Race: Protoss Protoss
  • Spawn Location: 9:00

Event: DreamHack SC2 Masters 2022 Atlanta (Online)

VOD

Have the link to the VOD?

Description

Time

  • Played on: Sept. 30, 2022, 2:03 p.m.
  • Length: 7:37

All games in this series

Show
View Real Time Build Order
Export as new Build Order

DnS Protoss - Winner!

Build Orders: Phoenix Opening, Mass Phoenix 

Get SALT Encoding   

  12  0:00  Probe  
  13  0:12  Probe  
  14  0:17  Pylon  
  14  0:24  Probe (Chrono Boost)  
  15  0:36  Probe (Chrono Boost)  
  15  0:38  Gateway  
  16  0:44  Probe (Chrono Boost)  
  16  0:47  Assimilator  
  17  0:51  Probe  
  18  1:03  Probe  
  19  1:14  Pylon  
  19  1:15  Probe (Chrono Boost)  
  19  1:17  Assimilator  
  21  1:26  Probe (Chrono Boost)  
  21  1:27  Cybernetics Core  
  21  1:31  Probe (Chrono Boost)  
  22  1:36  Zealot  
  24  1:41  Probe  
  25  1:53  Probe  
  26  2:12  Stargate  
  26  2:13  Adept  
  28  2:15  Probe  
  29  2:23  Pylon  
  29  2:28  Probe  
  29  2:29  Pylon  
  30  2:40  Probe  
  30  2:47  Stalker  
  32  2:52  Probe  
  32  2:55  Phoenix (Chrono Boost)  
  35  3:04  Probe  
  36  3:17  Phoenix (Chrono Boost)  
  38  3:21  Shield Battery, Probe  
  39  3:28  Nexus  
  39  3:45  Pylon  
  39  3:53  Phoenix (Chrono Boost), Assimilator  
  39  3:59  Stargate  
  39  4:03  Probe  
  39  4:09  Phoenix (Chrono Boost)  
  40  4:15  Probe, Pylon  
  43  4:27  Probe  
  43  4:31  Phoenix (Chrono Boost)  
  46  4:38  Pylon  
  46  4:43  Phoenix (Chrono Boost)  
  48  4:48  Probe x2  
  52  4:56  Phoenix (Chrono Boost), Assimilator  
  52  5:00  Probe x2  
  54  5:08  Phoenix (Chrono Boost)  
  54  5:12  Probe  
  57  5:14  Probe  
  60  5:23  Phoenix (Chrono Boost)  
  60  5:25  Probe  
  63  5:28  Probe  
  63  5:30  Phoenix (Chrono Boost)  
  63  5:34  Phoenix (Chrono Boost)  
  64  5:39  Pylon  
  64  5:41  Probe  
  67  5:43  Probe  
  68  5:56  Phoenix (Chrono Boost), Probe  
  73  5:57  Phoenix (Chrono Boost)  
  73  6:06  Probe  
  73  6:08  Probe  
  75  6:13  Fleet Beacon  
  75  6:18  Probe  
  75  6:22  Phoenix  
  78  6:30  Phoenix  
  80  6:35  Pylon  
  80  6:39  Nexus  
  80  6:42  Probe x2  
  82  6:54  Probe x2  
  83  7:00  Phoenix  
  86  7:03  Phoenix  
  80  7:21  Forge  
  80  7:23  Pylon  
Show
View Real Time Build Order
Export as new Build Order

KingCobra Protoss 

Build Orders: Phoenix Opening, Mass Phoenix 

Get SALT Encoding   

  12  0:00  Probe  
  13  0:12  Probe  
  14  0:17  Pylon  
  14  0:24  Probe  
  15  0:35  Gateway  
  15  0:37  Probe (Chrono Boost)  
  16  0:46  Probe (Chrono Boost), Assimilator  
  17  0:51  Probe (Chrono Boost)  
  18  0:58  Pylon  
  18  1:03  Probe (Chrono Boost)  
  19  1:05  Assimilator  
  19  1:12  Probe (Chrono Boost)  
  19  1:17  Probe (Chrono Boost)  
  20  1:23  Cybernetics Core  
  21  1:30  Zealot  
  21  1:32  Probe  
  24  1:39  Pylon  
  24  1:44  Probe  
  25  1:56  Probe  
  25  2:00  Stalker  
  28  2:10  Pylon  
  28  2:15  Stargate  
  28  2:29  Cybernetics Core  
  28  2:44  Nexus  
  28  2:50  Pylon  
  28  2:57  Stalker  
  30  3:08  Phoenix (Chrono Boost)  
  30  3:12  Pylon  
  32  3:18  Probe  
  33  3:30  Phoenix (Chrono Boost), Probe  
  36  3:42  Probe  
  36  3:46  Phoenix (Chrono Boost)  
  39  3:56  Sentry, Probe (Chrono Boost)  
  39  4:01  Shield Battery  
  42  4:03  Phoenix, Probe (Chrono Boost)  
  46  4:13  Probe (Chrono Boost)  
  46  4:14  Probe (Chrono Boost)  
  46  4:15  Pylon  
  47  4:19  Probe (Chrono Boost)  
  47  4:20  Probe (Chrono Boost)  
  49  4:28  Phoenix  
  49  4:29  Probe (Chrono Boost)  
  52  4:37  Probe (Chrono Boost)  
  53  4:38  Pylon  
  53  4:40  Probe (Chrono Boost)  
  55  4:45  Probe (Chrono Boost), Assimilator  
  55  4:46  Probe (Chrono Boost)  
  55  4:47  Assimilator  
  54  4:54  Stargate  
  54  4:55  Probe  
  54  4:56  Probe  
  54  4:57  Phoenix  
  54  4:58  Phoenix  
  58  5:06  Shield Battery  
  58  5:07  Probe  
  58  5:08  Probe  
  58  5:13  Pylon  
  60  5:20  Probe x2  
  62  5:23  Phoenix  
  64  5:32  Probe x2  
  66  5:41  Fleet Beacon  
  66  5:44  Probe  
  66  5:45  Forge  
  69  5:51  Phoenix (Chrono Boost)  
  69  5:56  Phoenix (Chrono Boost)  
  71  6:00  Pylon  
  71  6:06  Pylon  
  71  6:07  Cybernetics Core  
  70  6:14  Phoenix  
  72  6:19  Pylon  
  72  6:27  Anion Pulse-Crystals (Chrono Boost)  
  72  6:28  Photon Cannon  
  72  6:30  Pylon  
  72  6:37  Photon Cannon  
  72  6:39  Phoenix  
  74  6:42  Probe x2  
  76  6:58  Phoenix  
  76  7:02  Pylon  
  70  7:15  Photon Cannon  
  54  7:23  Photon Cannon  
  54  7:28  Photon Cannon  
  46  7:31  Nexus  
Tags
 
Add a new tag
Caveats
  • Supply blocks, unpowered buildings, or Contaminate may cause inaccurate times.
  • Supply counts are checked every 10 seconds.